 Dungeon Crawl Stone Soup version 0.31-a0-198-g2ad674f65e (webtiles) character file.

Game seed: 863921854070476345

118 qw the Skirmisher (level 4, -1/25 HPs)
             Began as a Deep Elf Hunter on June 25, 2023.
             Killed by divine providence
             ... invoked by an orc priest
              (13 damage)
             ... on level 3 of the Dungeon.
             The game lasted 00:00:52 (2005 turns).

qw the Skirmisher (Deep Elf Hunter)                 Turns: 2005, Time: 00:00:53

Health: -1/25      AC:  7    Str: 10    XL:     4   Next: 72%
Magic:  6/6        EV: 11    Int: 14    God:
Gold:   109        SH:  0    Dex: 18    Spells: 3/3 levels left

rFire   . . .        Y - +0 shortbow
rCold   . . .        (shield currently unavailable)
rNeg    . . .        j - +0 ring mail
rPois   .            (no helmet)
rElec   .            d - +0 cloak
rCorr   .            (no gloves)
SInv    .            f - +0 pair of boots
Will    .....        (no amulet)
Stlth   +            (no ring)
HPRegen 0.24/turn    (no ring)
MPRegen 0.10/turn

%: no passive effects
@: no status effects
A: no striking features
a: no special abilities


You were on level 3 of the Dungeon.
You visited 1 branch of the dungeon, and saw 3 of its levels.

You collected 109 gold pieces.


   Skills:
 - Level 1.5 Fighting
 + Level 8.1 Ranged Weapons
 - Level 2.4 Dodging
 - Level 1.2 Stealth


You had 3 spell levels left.
You didn't know any spells.
Your spell library was empty.

Inventory:

Hand Weapons
 Y - a +0 shortbow (weapon)
Armour
 d - a +0 cloak (worn)
 f - a +0 pair of boots (worn)
 j - a +0 ring mail (worn)
Scrolls
 a - 3 scrolls of identify
 c - a scroll of revelation {unknown}
 e - a scroll of enchant weapon {unknown}
 h - a scroll of vulnerability {unknown}
Potions
 b - a potion of cancellation {unknown}
 g - a potion of mutation {unknown}
 i - 2 potions of curing
 k - a potion of haste

Dungeon Overview and Level Annotations

Branches:
Dungeon (3/15)

Altars:
Hepliaklqana
Sif Muna

Shops:
D:2 (


Message History

The magic dart hits you.
The orc priest looks braver for a moment.
You shoot an arrow. The arrow hits the orc!
You kill the orc!
You shoot an arrow. The arrow hits the orc wizard.
The orc wizard is moderately wounded.
You shoot an arrow.
The arrow completely misses the orc wizard.
The arrow hits the plant.
The plant begins to die.
The plant is lightly damaged.
The orc wizard casts a spell at you. The puff of flame hits you.
The orc priest barely misses you.
You shoot an arrow.
The arrow closely misses the orc wizard.
The arrow hits the plant.
The plant is lightly damaged.
The orc wizard closely misses you. The orc priest closely misses you.
You shoot an arrow. The arrow hits the orc wizard!
The orc wizard is almost dead.
The orc wizard points at you and mumbles some strange words.
The puff of flame hits you. The orc priest barely misses you.
You shoot an arrow. The arrow barely misses the orc wizard.
The arrow hits the plant.
The plant is lightly damaged.
A nearby plant withers and dies.
The orc wizard barely misses you.
The orc priest hits you but does no damage.
The orc priest miscasts a cantrip.
The orc wizard hits you with a +0 dagger.
You shoot an arrow. The arrow barely misses the orc wizard.
The orc wizard hits you but does no damage.
The orc priest calls upon Beogh to heal the orc wizard.
The orc wizard is healed somewhat.
You shoot an arrow. The arrow hits the orc wizard.
The orc wizard is almost dead.
The orc wizard gestures at you while chanting.
The puff of flame hits you.
The orc priest mumbles some strange prayers to Beogh against you.
Beogh smites you!
Ouch! That really hurt!
You die...

.## ####.##...# .. ...
..#....... #. #.#
#.#..#.... ).
#.####.#..#.#.. # .##
#.##..........# .##. ..
#.##.#.#.....## .....#)
#.##.#.##....#
..~...o###......#.....#
.~.~..o@..##..###.#.<#.#
~~~~~.~~P...............
~~~~~~~~~~...~~..~......
~~~~~~~~P.~.~~~~.~P~.P..
~~~~~~~~~~~~~~~~~~~P~
~~~~~~~~~~~~~~~~~~~~~
~..~...~~...~..~~~~~~
.....~~........~....~


You could see an orc priest and an orc wizard.

Vanquished Creatures
  2 gnolls (D:3)
  4 adders
  A worm (D:2)
  A dart slug (D:1)
  4 orcs (D:3)
  An endoplasm (D:2)
  4 giant cockroaches
  6 hobgoblins
  6 kobolds
  4 quokkas
  7 ball pythons
  4 bats
  2 frilled lizards
  3 goblins
  3 rats (D:1)
52 creatures vanquished.

Notes
Turn   | Place    | Note
-------+----------+-------------------------------------------
     0 | D:1      | qw the Deep Elf Hunter began the quest for the Orb.
     0 | D:1      | Reached XP level 1. HP: 12/12 MP: 3/3
     0 | D:1      | 0 ||| qw: Version: 0.3-a-22-g0ed2b0b
     0 | D:1      | 0 ||| qw: Game counter: 5145
     0 | D:1      | 0 ||| qw: Melee chars always use a shield: true
     0 | D:1      | 0 ||| qw: God list: Okawaru
     0 | D:1      | 0 ||| qw: Allow faded altars: false
     0 | D:1      | 0 ||| qw: Do Orc after clearing Dungeon:15 true
     0 | D:1      | 0 ||| qw: Do second Lair branch before Depths: true
     0 | D:1      | 0 ||| qw: Lair rune preference: random
     0 | D:1      | 0 ||| qw: Goals: Normal
     0 | D:1      | 0 ||| PLANNING D:1-11
   154 | D:1      | Reached XP level 2. HP: 16/16 MP: 4/4
   172 | D:1      | Reached skill level 6 in Ranged Weapons
   345 | D:1      | HP: 4/16 [hobgoblin (1)]
   609 | D:1      | 609 ||| UPGRADING to +0 cloak.
   614 | D:1      | 614 ||| UPGRADING to +0 ring mail.
   624 | D:1      | 624 ||| DROPPING +0 leather armour.
   625 | D:1      | 625 ||| READING 2 scrolls labelled ZINUEF AKIWK.
   626 | D:1      | 626 ||| READING scroll labelled VIBROXZUESKO.
   627 | D:1      | 627 ||| READING scroll labelled DATZET SUHEPH.
   628 | D:1      | 628 ||| READING scroll labelled JIOSTRE FAJAOKA.
   631 | D:1      | 631 ||| DRINKING 2 lumpy pink potions.
   632 | D:1      | 632 ||| DROPPING scroll of butterflies.
   645 | D:2      | 645 ||| STAIRDANCE
   646 | D:1      | HP: 4/16 [poisoned by an adder]
   648 | D:1      | Reached XP level 3. HP: 3/20 MP: 5/5
   759 | D:2      | Found Kuax's Weapon Boutique.
   832 | D:2      | Reached skill level 7 in Ranged Weapons
   969 | D:2      | Found a faded altar of an unknown god.
  1256 | D:2      | HP: 5/20 [poisoned by an adder]
  1257 | D:2      | 1257 ||| READING scroll of teleportation.
  1259 | D:2      | Reached XP level 4. HP: 5/25 MP: 6/6
  1262 | D:2      | 1262 ||| FLEEEEING.
  1263 | D:2      | 1263 ||| FLEEEEING.
  1269 | D:2      | 1269 ||| STAIRDANCE
  1346 | D:1      | 1346 ||| UPGRADING to +0 pair of boots.
  1351 | D:1      | 1351 ||| READING scroll labelled VYCZUR MUADOOL.
  1352 | D:1      | 1352 ||| DRINKING 2 blue potions.
  1353 | D:1      | 1353 ||| DRINKING 2 coppery potions.
  1354 | D:1      | 1354 ||| DROPPING potion of attraction.
  1539 | D:2      | 1539 ||| READING scroll labelled KAOGHOE IDIEW.
  1540 | D:2      | 1540 ||| READING 3 scrolls of identify.
  1540 | D:2      | 1540 ||| IDENTIFYING silvery potion
  1541 | D:2      | 1541 ||| DROPPING potion of berserk rage.
  1662 | D:3      | Found a hazy altar of Hepliaklqana.
  1787 | D:3      | Found a shimmering blue altar of Sif Muna.
  1891 | D:3      | 1891 ||| FLEEEEING.
  1966 | D:3      | Reached skill level 8 in Ranged Weapons
  1994 | D:3      | 1994 ||| Stepping ~*~*~tactically~*~*~ (outnumbered).
  2005 | D:3      | Killed from afar by an orc priest

Levels and vault maps discovered:
D:1:      dpeg_arrival_rhombus, layout_basic, serial_bayou_pond_a,
          minmay_misc_feat_columns, minmay_pentomino_o2
D:2:      layout_basic, serial_shops, shop, shapermc_ecumenical_altar_pompeii
D:3:      layout_loops_cross, general_overflow_altar,
          nicolae_hepliaklqana_hippocampus, chequers_big_river

Skill      XL: |  1  2  3  4 |
---------------+-------------+-----
Ranged Weapons | 6 7 8 |  8.1
Fighting       | |  1.5
Dodging        | |  2.4
Stealth        | |  1.2

Action                     |  1- 3 |  4- 6 || total
---------------------------+-------+-------++-------
   Fire: Shortbow          |   126 |    59 ||   185
    Use: Scroll            |     5 |     3 ||     8
         Potion            |     1 |     2 ||     3
 Armour: Leather armour    |     3 |       ||     3
         Ring mail         |    26 |     3 ||    29
  Dodge: Dodged            |    48 |    14 ||    62

Table legend:
 A = Non-vault XP
 B = Vault XP
 C = Vault XP percentage of total XP
 D = Non-vault monster count
 E = Vault monster count
 F = Vault count percentage of total count
                 A         B        C        D         E       F
            +---------+---------+-------+---------+---------+-------
      Total |     166 |       3 |   1.8 |      50 |       2 |   3.8
            +---------+---------+-------+---------+---------+-------
        D:1 |      44 |       3 |   6.4 |      19 |       2 |   9.5
        D:2 |      63 |       0 |   0.0 |      15 |       0 |   0.0
        D:3 |      59 |       0 |   0.0 |      16 |       0 |   0.0
            +---------+---------+-------+---------+---------+-------
